 Dungeon Crawl Stone Soup version 0.30-a0-125-g51eefa89be (webtiles) character file.

Game seed: 13412540681418263459

46 bande the Trooper (level 3, 0/33 HPs)
             Began as a Hill Orc Fighter on Sept 19, 2022.
             Slain by Sigmund
             ... wielding a +0 scythe
              (4 damage)
             ... on level 2 of the Dungeon.
             The game lasted 00:01:48 (1504 turns).

bande the Trooper (Hill Orc Fighter)                Turns: 1504, Time: 00:01:49

Health: 0/33       AC:  7    Str: 18    XL:     3   Next: 68%
Magic:  3/3        EV: 10    Int:  8    God:
Gold:   88         SH:  4    Dex: 12    Spells: 2/2 levels left

rFire   + . .      SeeInvis .    a - +0 war axe
rCold   . . .      Faith    .    c - +0 buckler
rNeg    . . .      Spirit   .    k - +2 ring mail {rF+}
rPois   .          Reflect  .    (no helmet)
rElec   .          Harm     .    (no cloak)
rCorr   .          Rampage  .    (no gloves)
Will    .....                    (no boots)
Stlth   +.........               (no amulet)
HPRegen 0.11/turn                (no ring)
MPRegen 0.08/turn                (no ring)

@: no status effects
A: no striking features
a: no special abilities


You were on level 2 of the Dungeon.
You visited 1 branch of the dungeon, and saw 2 of its levels.

You collected 88 gold pieces.

Inventory:

Hand Weapons
 a - a +0 war axe (weapon)
Armour
 c - a +0 buckler (worn)
 k - a +2 ring mail of fire resistance (worn)
Scrolls
 e - 2 scrolls of enchant weapon {unknown}
 g - a scroll of noise {unknown}
 h - 5 scrolls of identify {unknown}
 j - a scroll of amnesia {unknown}
 m - a scroll of teleportation {unknown}
Potions
 b - a potion of berserk rage {unknown}
 d - a potion of might
 f - 2 potions of brilliance {unknown}
 i - a potion of attraction {unknown}
 l - a potion of haste {unknown}


   Skills:
 + Level 4.1 Fighting
 + Level 3.9 Axes
 + Level 3.7 Armour
 + Level 3.6 Shields


You had 2 spell levels left.
You didn't know any spells.
Your spell library was empty.

Dungeon Overview and Level Annotations

Branches:
Dungeon (2/15)

Altars:

Annotations:
D:2 Sigmund


Message History

Found a stone staircase leading down.
No target in view!
No target in view!
You open the door.
Found a ring mail.
There is an open door here.
A ball python comes into view.
The ball python hisses angrily.
Sigmund the Dreaded comes into view.
He is wielding a +0 scythe.
Sigmund shouts!
Sigmund mumbles some strange words.
Sigmund flickers and vanishes!
Deactivating autopickup; reactivate with Ctrl-A.
Found a book of Vapours.
You block the ball python's attack. The ball python barely misses you.
You slash the ball python!
You kill the ball python!
No target in view!
No target in view!
No target in view!
No target in view!
No target in view!
No target in view!
No target in view!
Something hits you but does no damage.
There is an open door here.
Something hits you but does no damage.
You closely miss something. Something hits you but does no damage.
You closely miss something. Something hits you but does no damage.
You closely miss something. Something hits you!
You miss something. Something hits you but does no damage.
You hit something but do no damage. Something hits you but does no damage.
You barely miss something. Something hits you!
You hit something. Something hits you.
* * * LOW HITPOINT WARNING * * *
You slash something! You slash something! Something hits you.
* * * LOW HITPOINT WARNING * * *
You hit something. Something hits you.
You die...

........+ #.##.. ##......#
##+####### #.#### #......#
#[.......# #.#
#......#######........# #.#
#...........##......[.##....#
#...........##...........####
#######.....##...........#
#...).###{####....##
#......##@# ....# #......##.#
....# #......##.# ..:.+
#.........# ....# #.....##..#
....# ########..# ....# #..#
##.# #.#


There were no monsters in sight!

Vanquished Creatures
  An adder (D:2)
  A worm (D:2)
  2 endoplasms (D:1)
  A giant cockroach (D:2)
  4 goblins
  3 hobgoblins
  4 jackals (D:1)
  4 quokkas
  2 ball pythons
  3 bats
  A frilled lizard (D:2)
  3 kobolds
  2 rats (D:1)
31 creatures vanquished.

Notes
Turn   | Place    | Note
-------+----------+-------------------------------------------
     0 | D:1      | bande the Hill Orc Fighter began the quest for the Orb.
     0 | D:1      | Reached XP level 1. HP: 19/19 MP: 1/1
    18 | D:1      | Found a faded altar of an unknown god.
   143 | D:1      | Reached XP level 2. HP: 27/27 MP: 2/2
   354 | D:1      | Reached skill level 4 in Fighting
   665 | D:1      | Reached XP level 3. HP: 33/33 MP: 3/3
  1278 | D:2      | Identified the +3 ring mail of Integrity {rN+ Str+2}
  1481 | D:2      | Noticed Sigmund
  1504 | D:2      | Slain by Sigmund

Illustrated notes

Levels and vault maps discovered:
D:1:      tarquinn_simple_flora_water_e, layout_basic,
          ebering_ecumenical_altar_sacrificial
D:2:      layout_basic, chequers_serial_rivers_micro_d, uniq_sigmund

Skill      XL: |  1  2 |
---------------+-------+-----
Axes           | 3 |  3.9
Fighting       | 4 |  4.1
Armour         | |  3.7
Shields        | |  3.6

Action                   || total
-------------------------++-------
Melee: War axe           ||    90
Armor: Scale mail        ||    21
       Ring mail         ||    21
Dodge: Dodged            ||    46
Block: Buckler           ||    16

Table legend: (Time is in decaauts)
 A = Elapsed time spent in this place.
 B = Non-inter-level travel time spent in this place.
 C = Inter-level travel time spent in this place.
 D = Time resting spent in this place.
 E = Time spent auto-exploring this place.
 F = Levels seen in this place.
 G = Mean time per level.
                   A        B        C        D        E       F      G
               +--------+--------+--------+--------+--------+-----+--------+
         Total |   1536 |   1536 |      0 |      0 |   1228 |   2 |  768.0 |
       Dungeon |   1536 |   1536 |      0 |      0 |   1228 |   2 |  768.0 |
               +--------+--------+--------+--------+--------+-----+--------+

Top non-repeatable levels by time:
     D:1: 823 daAuts
     D:2: 712 daAuts
